 Dungeon Crawl Stone Soup version 0.30-a0-879-ga8ba668304 (webtiles) character file.

Game seed: 17321848983061260601

182 Gok the Firebug (level 5, -5/38 HPs)
             Began as a Demigod Fire Elementalist on Mar 13, 2023.
             Killed from afar by a white imp (6 damage)
             ... with a puff of frost
             ... on level 6 of the Dungeon.
             The game lasted 00:28:44 (2110 turns).

Gok the Firebug (Demigod Fire Elementalist)         Turns: 2110, Time: 00:28:46

Health: -5/38      AC:  3    Str:  9    XL:     5   Next: 12%
Magic:  8/11       EV: 12    Int: 21    God:
Gold:   121        SH:  0    Dex: 14    Spells: 8/9 levels left

rFire   . . .      SeeInvis .    g - +1 short sword (venom)
rCold   . . .      Faith    .    (no shield)
rNeg    . . .      Spirit   .    r - +0 robe
rPois   .          Reflect  .    (no helmet)
rElec   .          Rampage  .    (no cloak)
rCorr   .                        x - +0 pair of gloves
Will    .....                    (no boots)
Stlth   ++                       (no amulet)
HPRegen 0.26/turn                (no ring)
MPRegen 0.12/turn                (no ring)

@: mighty
A: high MP 1, forlorn, divine attributes
a: no special abilities


You were on level 6 of the Dungeon.
You visited 1 branch of the dungeon, and saw 5 of its levels.

You collected 121 gold pieces.

Inventory:

Hand Weapons
 c - a +0 club
 e - a +0 short sword
 g - a +1 short sword of venom (weapon)
 h - a +0 spear
 i - a +0 dagger
 m - a +0 short sword
 n - a +0 short sword
 o - a +0 sling
 s - a +0 club
 t - a +0 dagger
 B - a +0 mace
Missiles
 k - 15 stones
 l - 8 boomerangs
Armour
 a - a +0 robe
 r - a +0 robe (worn)
 x - a +0 pair of gloves (worn)
 y - a +0 cloak
 C - a +0 chain mail
 D - a +0 leather armour
 E - a +0 robe
Wands
 w - a wand of flame (12)
Scrolls
 z - a scroll of identify
 A - 2 scrolls of noise
Potions
 b - a potion of mutation {unknown}
 d - a potion of heal wounds {unknown}
 f - a potion of lignification
 p - a potion of might
 u - a potion of flight {unknown}
 v - a potion of haste {unknown}


   Skills:
 + Level 2.7 Dodging
 + Level 2.9 Stealth
 + Level 2.6 Spellcasting
 + Level 2.1 Conjurations
 + Level 3.4 Fire Magic


You had 8 spell levels left.
You knew the following spells:

 Your Spells              Type           Power      Damage    Failure   Level
a - Foxfire               Conj/Fire      56%        2x1d6     4%          1

Your spell library contained the following spells:

 Spells                   Type           Power      Damage    Failure   Level
 Scorch                   Fire           34%        2d6       5%          2
 Inner Flame              Hex/Fire       9%         N/A       21%         3
 Kindle Blastsparks       Fire/Tloc/Air  14%        2d11      26%         3
 Flame Wave               Conj/Fire      14%        2d6       41%         4


Dungeon Overview and Level Annotations

Branches:
Dungeon (4/15)
 Temple: D:4-7


Innate Abilities, Weirdness & Mutations

You have an increased reservoir of magic. (+10% MP)
You shall have no god before yourself.
Your divine heritage dramatically boosts your attributes as you level up.


Message History

The puff of frost hits you but does no damage.
You hit the scorpion but do no damage.
The scorpion is poisoned.
The scorpion is heavily wounded.
The scorpion stings you but does no damage.
The scorpion stings you. The white imp gestures at you.
The puff of frost hits you but does no damage.
You barely miss the scorpion.
The scorpion is heavily wounded.
The scorpion stings you. The white imp gestures at you.
The puff of frost hits you!
* * * LOW HITPOINT WARNING * * *
Aiming: Throw Flame
Press: ? - help, Shift-Dir - straight line, f - adder
Aim: an adder (heavily wounded, 48% to hit)
The puff of flame hits the scorpion!
You kill the scorpion!
The adder bites you but does no damage.
The white imp hits you but does no damage.
You have reached level 5!
Hit: g) +1 short sword (venom)
Press: ? - help, Dir - move target, f/p - adder
Aim: an adder (heavily wounded, about 56% to evade your +1 short sword of venom)
Okay, then.
It was a potion of cancellation.
Your magical effects are unravelling.
You feel magically purged.
You feel less wooden.
Your +0 pair of gloves unmelds from your body.
Your +0 robe unmelds from your body.
The adder bites you.
* * * LOW HITPOINT WARNING * * *
The white imp misses you.
It was a potion of might.
You feel very mighty all of a sudden. The adder bites you.
* * * LOW HITPOINT WARNING * * *
The white imp gestures at you. The puff of frost hits you.
You die...

#.... ....#
#...# ....#
#...# ....#
#...# ....#
#...# ....#
#...# h...#
#...##5...###
#....@SJ.....
##..####>.....
#......# #####
#....#.#
##.###.# #..
..# #######


You could see a hound, a jelly, an adder and a white imp.

Vanquished Creatures
  A scorpion (D:6)
  A jelly (D:6)
  Jessica (D:2)
  2 adders
  A white imp (D:6)
  A worm (D:2)
  3 dart slugs
  An orc (D:3)
  A bat (D:2)
  7 endoplasms
  A giant cockroach (D:1)
  A hobgoblin (D:1)
  2 jackals (D:1)
  3 ball pythons
  2 frilled lizards (D:2)
  6 goblins
  A kobold (D:1)
  2 rats (D:1)
37 creatures vanquished.

Vanquished Creatures (others)
  99 foxfires
  2 plants (D:1)
101 creatures vanquished.

Grand Total: 138 creatures vanquished

Notes
Turn   | Place    | Note
-------+----------+-------------------------------------------
     0 | D:1      | Gok the Demigod Fire Elementalist began the quest for the
                  | Orb.
     0 | D:1      | Reached XP level 1. HP: 14/14 MP: 5/5
   119 | D:1      | Reached skill level 1 in Conjurations
   471 | D:1      | Reached XP level 2. HP: 17/20 MP: 2/7
   810 | D:2      | Noticed Jessica
   823 | D:2      | Reached skill level 3 in Fire Magic
   823 | D:2      | Reached XP level 3. HP: 6/26 MP: 3/8
   824 | D:2      | Killed Jessica
  2030 | D:4      | Reached XP level 4. HP: 30/33 MP: 7/10
  2061 | D:4      | You fall into a shaft and drop 2 floors!
  2109 | D:6      | Reached XP level 5. HP: 8/38 MP: 8/11
  2110 | D:6      | HP: 1/38 [adder (2)]
  2110 | D:6      | Killed from afar by a white imp

Illustrated notes

Levels and vault maps discovered:
D:1:      tarquinn_simple_flora_water_c, layout_loops_ring,
          chequers_serial_rivers_micro_e
D:2:      layout_rooms, basic_ecumenical_altar, basic_altar, uniq_jessica
D:3:      layout_basic, uniq_sigmund
D:4:      layout_rooms, mainiacjoe_overflow_two_lobes
D:6:      cheibrodos_quashed, layout_basic, kennysheep_generic_room_11,
          uniq_menkaure, uniq_edmund

Skill      XL: |  1  2  3  4 |
---------------+-------------+-----
Conjurations   | 1 2 |  2.1
Stealth        | 2 |  2.9
Dodging        | 2 |  2.7
Spellcasting   | 2 |  2.6
Fire Magic     | 3 |  3.4

Action                     |  1- 3 |  4- 6 || total
---------------------------+-------+-------++-------
  Melee: Unarmed           |    10 |       ||    10
         Short sword       |     3 |     9 ||    12
         Punch             |     1 |       ||     1
   Cast: Foxfire           |    65 |     6 ||    71
  Evoke: Wand              |     1 |     1 ||     2
    Use: Scroll            |     1 |     3 ||     4
         Potion            |     1 |     3 ||     4
 Armour: Robe              |     9 |     3 ||    12
         Skin              |       |    15 ||    15
  Dodge: Dodged            |    29 |     3 ||    32

Table legend: (Time is in decaauts)
 A = Elapsed time spent in this place.
 B = Non-inter-level travel time spent in this place.
 C = Inter-level travel time spent in this place.
 D = Time resting spent in this place.
 E = Time spent auto-exploring this place.
 F = Levels seen in this place.
 G = Mean time per level.
                   A        B        C        D        E       F      G
               +--------+--------+--------+--------+--------+-----+--------+
         Total |   2120 |   2120 |      0 |    240 |    606 |   5 |  424.0 |
       Dungeon |   2120 |   2120 |      0 |    240 |    606 |   5 |  424.0 |
               +--------+--------+--------+--------+--------+-----+--------+

Top non-repeatable levels by time:
     D:2: 801 daAuts
     D:1: 643 daAuts
     D:3: 577 daAuts
     D:6: 48 daAuts
     D:4: 48 daAuts
